Cogmind - Beta 15 @@@ ROGUE MODE // 2025.06.21 @ 17:26:09 Player: Fleshy Vegetable Bird Result: Destroyed by LE-DZD(R) with Subdweller Laser Performance ------------- Evolutions (0) 0 Regions Visited (2) 400 Robots Destroyed (9) 45 Value Destroyed (125) 125 Prototype IDs (0) 0 Alien Tech Used (0) 0 Bonus (0) 0 TOTAL SCORE: 570 Bonus ------- None Cogmind --------- Core Integrity 0/250 Matter 300/300 Energy 250/250 System Corruption 0% Temperature Cool (6) Movement Rolling (80) Location -10/Subcaves Parts ------- > --- POWER (1) -------- Ion Engine > --- PROPULSION (2) --- Wheel Wheel > --- UTILITY (2) ------ Small Storage Unit > --- WEAPON (2) ------- (None) > --- INVENTORY (8) ---- Light Ion Engine Subdweller Power Source Subdweller Power Source Wheel Subdweller Optics Subdweller Optics Subdweller Machine Gun Peak State ------------ > --- POWER ------------ Ion Engine > --- PROPULSION ------- Wheel Wheel > --- UTILITY ---------- Small Storage Unit Seismic Detector > --- WEAPON ----------- Light Assault Rifle Light Assault Rifle > --- INVENTORY -------- Light Ion Engine Subdweller Power Source Subdweller Power Source Wheel Subdweller Optics Subdweller Machine Gun [Rating: 8] Favorites ----------- Power Ion Engine Engine Ion Engine Propulsion Wheel Wheel Wheel Utility Small Storage Unit Device Seismic Detector Storage Small Storage Unit Weapon Light Assault Rifle Ballistic Gun Light Assault Rifle Build | -11 -10 -10 ------- Run | Yrd Mat Sub Slots Evolved . | . . . Power . | . . . Propulsion . | . . . Utility . | . . . Weapon . | . . . Parts Attached 10 | 8 . 2 Power 1 | 1 . . Engine 1 | 1 . . Core . | . . . Reactor . | . . . Propulsion 5 | 3 . 2 Treads . | . . . Leg . | . . . Wheel 5 | 3 . 2 Hover . | . . . Flight . | . . . Utility 2 | 2 . . Device 1 | 1 . . Storage 1 | 1 . . Processor . | . . . Hackware . | . . . Protection . | . . . Artifact . | . . . Weapon 2 | 2 . . Energy Gun . | . . . Energy Cannon . | . . . Ballistic Gun 2 | 2 . . Ballistic Cannon . | . . . Launcher . | . . . Special Weapon . | . . . Impact Weapon . | . . . Slashing Weapon . | . . . Piercing Weapon . | . . . Special Melee Weapon . | . . . Unidentified Prototypes . | . . . Parts Lost 5 | . . 5 Power . | . . . Propulsion 2 | . . 2 Utility 1 | . . 1 Weapon 2 | . . 2 Highest Loss Streak 3 | . . 3 To Critical Strikes . | . . . Average Backups 4 | 1 3 6 Power 1 | . 1 2 Propulsion 1 | . 2 1 Utility . | . . 1 Weapon . | . . . Tool/Special . | . . . Unused Backups 8 | 1 . 7 Power 3 | . . 3 Propulsion 2 | 1 . 1 Utility 2 | . . 2 Weapon 1 | . . 1 Tool/Special . | . . . Average Slot Usage (%) 94 | . 100 90 Engine 14 | . 14 14 Wheel 28 | . 28 28 Device 13 | . 14 13 Storage 14 | . 14 14 Ballistic Gun 22 | . 28 19 Peak Build Rating 8 | 7 7 8 Average Rating 6 | 5 7 7 On Entrance 4 | . 7 7 Naked Turns . | . . . Heaviest Build 13 | 13 13 13 Greatest Support 26 | 26 20 20 Greatest Overweight (x) 1 | 1 . 1 Average Overweight (x) . | . . . Largest Inventory Capacity 8 | 8 8 8 Average Capacity 7 | 7 8 8 Most Carried 8 | 4 3 8 Average Carried 4 | 1 3 6 Final Capacity 8 | 8 8 8 Final Carried 7 | 3 3 7 Class Distribution -------------------- 100% | Mutant Dominant Class ---------------- Mutant | -10/Materials Mutant | -10/Subcaves Resources | -11 -10 -10 ----------- Run | Yrd Mat Sub Matter Collected 397 | 326 14 57 Remotely . | . . . Salvage Created 290 | 176 14 100 Parts 23 | 13 2 8 Haulers Intercepted . | . . . Recyclers Shooed . | . . . Parts Field Recycled . | . . . Retrieved Matter . | . . . Parts Self-Destructed . | . . . Prevented . | . . . Kills | -11 -10 -10 ------- Run | Yrd Mat Sub Combat Hostiles Destroyed 3 | . 1 2 Guns 3 | . 1 2 Classes Destroyed 6 | 3 1 2 Worker 1 | 1 . . Tunneler 4 | 4 . . Recycler 1 | 1 . . Swarmer 1 | . 1 . Artisan 1 | . . 1 Subdweller 2 | . . 2 Best Kill Streak 3 | 3 1 1 Combat Bots Only 1 | . 1 1 Max Kills in Single Turn 1 | 1 1 1 Gunslinging . | . . . Exploded . | . . . Melee . | . . . Uniques/NPCs Destroyed . | . . . Combat | -11 -10 -10 -------- Run | Yrd Mat Sub Hostile Shots Fired 69 | . 24 45 Missed 25 | . 6 19 Hits 44 | . 18 26 Projectile 44 | . 18 26 Damage Taken 658 | . 141 517 Core 253 | . 42 211 Absorbed by Shields . | . . . Core Remaining (%) 100 | 100 . . Volleys Fired 57 | 23 14 20 Largest 2 | 2 2 2 Hottest 40 | 40 40 40 Shots Fired 114 | 46 28 40 Gun 114 | 46 28 40 Cannon . | . . . Launcher . | . . . Special . | . . . Kinetic 114 | 46 28 40 Thermal . | . . . Explosive . | . . . Electromagnetic . | . . . Robot Hit Streak 5 | 4 3 5 Robot Miss Streak 5 | 3 5 2 Penetration Max . | . . . Secondary Targets . | . . . Shots Hit Robots 61 | 25 9 27 Core Hits 24 | 11 3 10 Critical Kills . | . . . Critical Parts Destroyed . | . . . Critical Strikes . | . . . Melee Attacks . | . . . Impact . | . . . Slashing . | . . . Piercing . | . . . Sneak Attacks . | . . . Combat Hostiles . | . . . Follow-up Attacks . | . . . Damage Inflicted 493 | 203 70 220 Guns 493 | 203 70 220 Cannons . | . . . Explosions . | . . . Melee . | . . . Ramming . | . . . Kinetic 493 | 203 70 220 Thermal . | . . . Explosive . | . . . Electromagnetic . | . . . Impact . | . . . Slashing . | . . . Piercing . | . . . Highest Corruption . | . . . Average Corruption . | . . . Corruption Purged . | . . . Corruption Blocked . | . . . Overload Shots . | . . . Overflow Damage . | . . . Projectiles . | . . . Explosions . | . . . Melee . | . . . Knockbacks . | . . . Impact . | . . . Kinetic . | . . . Secondary . | . . . Self-Inflicted Damage . | . . . Shots . | . . . Rammed . | . . . Targets Rammed . | . . . Kicked . | . . . Crushed . | . . . Highest Temperature . | . . . Average Temperature . | . . . Received Heat Transfer 72 | . . 72 Siege Activations . | . . . Martial Activations . | . . . Shielding Activations . | . . . Robots Disrupted . | . . . Combat Hostiles . | . . . Robots Corrupted . | . . . Combat Hostiles . | . . . Parts Fried . | . . . Impact Corruptions . | . . . Robots Melted . | . . . Combat Hostiles . | . . . Parts Melted . | . . . Heat Transferred . | . . . Parts Sabotaged . | . . . Parts Stolen . | . . . Parts Stripped . | . . . Power Chain Reactions . | . . . Alert | -11 -10 -10 ------- Run | Yrd Mat Sub Maximum Alert Level . | . . . Low Security (%) 100 | 100 100 . Level 1 . | . . . Level 2 . | . . . Level 3 . | . . . Level 4 . | . . . Level 5 . | . . . High Security . | . . . Max Security . | . . . Peak Influence 50 | 10 50 . Initial . | . . . Average 9 | 1 13 . Influence Increases 90 | 30 60 . Destroy 0b10 Robot/C 20 | . 20 . Destroy 0b10 Robot/NC 30 | 30 . . Destroy Leader 10 | . 10 . Lose Combat Pursuer 30 | . 30 . Influence Decreases 90 | 30 60 . Time Decay 90 | 30 60 . Squads Dispatched . | . . . Investigation . | . . . Extermination . | . . . Reinforcement . | . . . Assault . | . . . Garrison . | . . . Intercept . | . . . Searches Triggered . | . . . Construction Impeded . | . . . Haulers Reinforced . | . . . Active Scanning Responses . | . . . Cargo Convoy Interrupts . | . . . Stealth | -11 -10 -10 --------- Run | Yrd Mat Sub Distress Signals . | . . . Communications Jammed . | . . . Distress Signals . | . . . Times Spotted 13 | . 5 8 Peak Tracking Total 4 | . 4 3 Tactical Retreats 2 | . 1 1 Traps | -11 -10 -10 ------- Run | Yrd Mat Sub Traps Triggered . | . . . Indirectly . | . . . Trap Hack Attempts . | . . . Triggered . | . . . Disarmed . | . . . Reprogrammed . | . . . Reused . | . . . Traps Extracted . | . . . Installed . | . . . Triggered . | . . . Machines | -11 -10 -10 ---------- Run | Yrd Mat Sub Machines Disabled . | . . . Max in Single Turn . | . . . Machines Repaired . | . . . Machines Dismantled . | . . . Machines Sabotaged . | . . . Overloaded Fab Kills . | . . . Hacking | -11 -10 -10 --------- Run | Yrd Mat Sub Machines Accessed 1 | . 1 . Terminals 1 | . 1 . Fabricators . | . . . Repair Stations . | . . . Recycling Units . | . . . Scanalyzers . | . . . Garrison Access . | . . . Total Hacks 4 | . 4 . Successful 1 | . 1 . Failed 3 | . 3 . Catastrophic . | . . . Database Lockouts . | . . . Manual 4 | . 4 . Terminals 4 | . 4 . Fabricators . | . . . Repair Stations . | . . . Recycling Units . | . . . Scanalyzers . | . . . Garrison Access . | . . . Terminal Hacks 1 | . 1 . Robot Analysis 1 | . 1 . Fabricator Hacks . | . . . Repair Station Hacks . | . . . Recycling Unit Hacks . | . . . Scanalyzer . | . . . Garrison Access Hacks . | . . . Unauthorized Hacks . | . . . Terminals . | . . . Fabricators . | . . . Repair Stations . | . . . Recycling Units . | . . . Scanalyzers . | . . . Garrison Access . | . . . Data Cores Recovered . | . . . Used . | . . . Hacking Detections 1 | . 1 . Full Trace Events . | . . . Feedback Events . | . . . Feedback Blocked . | . . . Robot Schematics Acquired . | . . . Robots Built . | . . . Authchips . | . . . Time . | . . . Total Robot Build Rating . | . . . Part Schematics Acquired . | . . . Parts Built . | . . . Authchips . | . . . Time . | . . . Total Part Build Rating . | . . . Parts Repaired . | . . . Time . | . . . Parts Recycled . | . . . Recycled Matter . | . . . Retrieved Matter . | . . . Retrieved Components . | . . . Parts Scanalyzed . | . . . Part Schematics Acquired . | . . . Parts Damaged . | . . . Bothacking | -11 -10 -10 ------------ Run | Yrd Mat Sub Used RIF Installer . | . . . Robots Hacked . | . . . Non-combat . | . . . Combat . | . . . Robot Hacks Applied . | . . . Relay Couplers Released . | . . . Fabnet Peak Effective % . | . . . Robots Rewired . | . . . Allies Hacked . | . . . Hacks Repelled . | . . . Allies | -11 -10 -10 -------- Run | Yrd Mat Sub Total Allies . | . . . Largest Group . | . . . Highest-Rated Group . | . . . Highest-Rated Ally . | . . . Total Orders . | . . . Ally Attacks . | . . . Total Damage . | . . . Kills . | . . . Allies Corrupted . | . . . Allies Melted . | . . . Intel | -11 -10 -10 ------- Run | Yrd Mat Sub Active Infowar (turns) 643 | 18 238 387 Seismic 643 | 18 238 387 Robot Analysis Total 1 | . 1 . Derelict Logs Recovered . | . . . Drone Launches . | . . . Drone Recoveries . | . . . Exploration | -11 -10 -10 ------------- Run | Yrd Mat Sub Turns Passed 796 | 157 238 401 Spaces Moved 565 | 94 71 400 Core 4 | 4 . . Treads . | . . . Legs . | . . . Wheels 561 | 90 71 400 Hover . | . . . Flight . | . . . Fastest Speed 50 | 50 80 80 Average Speed 80 | 85 80 80 Slowest Speed 100 | 100 80 95 Overloaded Moves . | . . . Propulsion Burnouts . | . . . Robots Hopped . | . . . Potential Cave-ins . | . . . Cave-ins Triggered . | . . . Exploration Rate (%) 13 | 4 14 22 Regions Visited 2 Branch Regions 1 Pre-discovered Areas 1 | . . 1 Known Exits Taken . | . . . Unknown Exits Taken 2 | 1 1 . Scrap Searched . | . . . Spaces Dug . | . . . Terrain Destroyed . | . . . Melee . | . . . Projectile . | . . . AOE . | . . . Terrain Rammed . | . . . Walls Destroyed . | . . . Machines Disabled . | . . . Actions | -11 -10 -10 --------- Run | Yrd Mat Sub Total 808 | 131 229 448 Wait 165 | . 145 20 Move 563 | 93 70 400 Hop . | . . . Pick Up 11 | 5 . 6 Fast Attach 7 | 7 . . Attach 3 | 1 . 2 Detach . | . . . Swap . | . . . Drop 2 | 2 . . Fire 57 | 23 14 20 Melee . | . . . Ram . | . . . Kick . | . . . Crush . | . . . Escape Stasis . | . . . Rewire . | . . . Trap . | . . . Miscellaneous . | . . . Route ------- -11/Scrapyard -10/Materials -10/Subcaves (discovered 1 exit: [*Mat]) History --------- Turn | Location | Event 11 | -11/Scrapyard | Discovered new exit (range 16) 158 | -11/Scrapyard | Entered Materials 312 | -10/Materials | Build established: Mutant 370 | -10/Materials | Discovered new exit (range 8) 396 | -10/Materials | Entered Subcaves 397 | -10/Subcaves | Approached by a straggling Scientist 461 | -10/Subcaves | Core integrity fell below 50% 565 | -10/Subcaves | Ambushed by angry Subdweller bent on revenge 567 | -10/Subcaves | Core integrity fell below 20% 670 | -10/Subcaves | Discovered new exit (range 12) 687 | -10/Subcaves | Learned location of Zion (-7) 687 | -10/Subcaves | Met a Zionite searching for "candidates" 797 | -10/Subcaves | Destroyed by LE-DZD(R) with Subdweller Laser Last Messages --------------- 00542_ Acquired Wheel. 00544_ Subatomizers dissect the Wheel. 1I-478(c): "I think it's somewhere northeast of here" 00554_ Subatomizers dissect the Wheel. 00565_ ED-1IS(R) angrily emerges from the Twisted Machinery. 00565_ ED-1IS(R): "SUBHATE!" 00568_ Lgt. Assault Rifle destroyed. 00670_ EXIT=FOUND 00685_ A4-51Y(z): "She is not going to be happy we haven't found any suitable candidates yet." 00687_ A4-51Y(z): "Hey you! It's really dangerous down here, I feel that you could die at any moment. For your health and safety might I suggest a trip to Zion?" World map updated: -7/Zion. 00782_ Wheel destroyed. 00783_ Seismic Detector destroyed. 00788_ Lgt. Assault Rifle destroyed. Map ----- +----------------------------------------------------+ | ?????????????????????# """ #??????????????????? | | ?????????????????????# ""## ##?????????????????? | | ?????????????????????# "" ## #?????????????????? | | ?????????????????????##" # ##?????????????????? | | ??????????????????????# ## #??????????????????? | | ??????????????????????## # ##?????????????????? | | ???????????????????????# #?????????????????? | | ???????????????????????## &##?????????????????? | | ???????????????????????# #=%#????????#??###????? | | ???????????????????????## &######## #### #????? | | ?????????????????????### # "## #????? | | ?????????????????????# ## ## ##???? | | ?????????????????????# # ### #???? | | ?????????????????????# ##RR ## #???? | | ?????????????????????# ### #???? | | ?????????????????????## ##?# #???? | | ??????????????????????## ##???# #???# | | ???????????????????????## #####???## ##### | | ????????????????????????## ######### | | ?????????????????????????# ### !& | | ?????????????????????????# ### % | | ????????????????????????## ##?# ### | | ???????????????????????## #?## ##### #?###### | | ???????????????????????# ### #???###??????## | | ???????????????????????# #?????????????? | | ???????????????????????# @ ##?????????????? | | ?????????####??????????# ##?????????????? | | ???????### #####??????## ##????????????? | | ??????## #???????# #????????????? | | ?????## ##?????## ######????????????? | | ?????# * #????## #####????????????????? | | ????## =% #????# #?? ##???????????????? | | ????# #????## ## #???????????????? | | ????# ##??#### #????????????????? | | ????# ###??## #????????????????? | | ????# #?#### #????????????????? | | ????# ### ### ##????????????????? | | ????#???# % ##?????????????????? | | ????????# """##??????????????????? | | ????????# ""##???????????????????? | | ???????## ###????????????????????? | | ???????# % #??????????????????????? | | ???????## #??????????????????????? | | ????????# % #?????????????????????? | | ????? % #????????????????????? | | ????# ######### % #???????????????????? | | ???# ##????????# #??????????????????? | | ???#####?????????? ?????????????????? | | ?????????????????###### ### ###????????????????? | | ??????????????????????####??###??????????????????? | +----------------------------------------------------+ Best States ------------- Heat Dissipation 25 Energy Generation 5 Energy Capacity 250 Matter Stores 300 Matter Capacity 300 Sight Range 16 Terrain Scan Density 10 Evasion (%) 44 Item Schematics ----------------- None Robot Schematics ------------------ None Fabricated ------------ Nothing Repaired ---------- Nothing Alien Tech Used ----------------- None Achievements -------------- None Challenges ------------ None Game ------ Seed ShieldNovaReconstructor Manual? 0 Play Time 00:07:24 Cumulative 391.8 hours Start 2025.06.21 @ 16:10:14 End 2025.06.21 @ 17:26:09 Sessions 1 Manual Loads 0 Difficulty Rogue Special Mode None Game No. 436 Rogue 436 Adventurer 0 Explorer 0 Win Type - Total 6 Types 3/1/1/1/0/0/0/0/0/0 Lore% 73 Gallery% 71 Achievement% 68 Wizard Run 0 Options --------- Layout 1 ASCII 0 Keyboard 0 Movement Numpad Keybinds 0 Fullscreen 1 Font 32/SmallcapsGlow Map View 50x35 Zoom Use 0% Tactical HUD 1 Map Filters NONE Filters NONE Steam 1 RUN: fda833f8-de03-403d-bea0-07befcdf8b2c